 Dungeon Crawl Stone Soup version 0.30.1-3-gfc49f6343a (webtiles) character file.

Game seed: 18203125179538492865

1245 spardeous the Geomancer (level 8, -17/57 HPs)
             Began as a Demigod Earth Elementalist on Aug 9, 2023.
             Demolished by a two-headed ogre
             ... wielding a +0 giant club
              (24 damage)
             ... on level 6 of the Dungeon.
             The game lasted 00:04:37 (4774 turns).

spardeous the Geomancer (DgEE)                      Turns: 4774, Time: 00:04:38

Health: -17/57     AC:  6    Str:  9    XL:     8   Next: 5%
Magic:  13/17      EV: 12    Int: 25    God:
Gold:   56         SH:  5    Dex: 14    Spells: 7/15 levels left

rFire   . . .        (no weapon)
rCold   . . .        (no shield)
rNeg    . . .        z - +1 robe {Will+}
rPois   .            F - +2 hat
rElec   .            (no cloak)
rCorr   .            C - +0 pair of gloves
SInv    .            (no boots)
Will    +....        i - amulet of reflection
Stlth   ++           j - ring of flight
HPRegen 0.29/turn    (no ring)
MPRegen 0.15/turn

%: reflection
@: flying
A: high MP 1, forlorn, divine attributes
a: no special abilities


You were on level 6 of the Dungeon.
You visited 1 branch of the dungeon, and saw 6 of its levels.

You collected 342 gold pieces.
You spent 286 gold pieces at shops.

Inventory:

Missiles
 l - a throwing net
Armour
 a - a +0 robe
 p - a +0 chain mail
 q - a +0 leather armour
 z - a +1 robe of willpower (worn)
 C - a +0 pair of gloves (worn)
 F - a +2 hat (worn)
Jewellery
 i - an amulet of reflection (around neck)
 j - a ring of flight (left hand)
Wands
 r - a wand of flame (19)
Scrolls
 d - 4 scrolls of teleportation {unknown}
 e - 4 scrolls of amnesia {unknown}
 f - 2 scrolls of noise {unknown}
 h - 6 scrolls of identify {unknown}
 k - a scroll of vulnerability {unknown}
 m - 4 scrolls of enchant weapon {unknown}
 n - 3 scrolls of enchant armour {unknown}
 u - 2 scrolls of immolation {unknown}
 v - a scroll of torment {unknown}
 w - a scroll of poison {unknown}
 y - a scroll of butterflies {unknown}
 B - a scroll of fog {unknown}
 D - a scroll of acquirement {unknown}
Potions
 b - a potion of magic
 c - a potion of berserk rage {unknown}
 g - 2 potions of resistance {unknown}
 o - 2 potions of brilliance {unknown}
 s - a potion of lignification {unknown}
 t - a potion of ambrosia {unknown}
 x - a potion of heal wounds {unknown}
 A - 4 potions of curing
 E - a potion of invisibility {unknown}
 G - 2 potions of mutation


   Skills:
 - Level 1.7 Dodging
 - Level 1.7 Stealth
 - Level 4.3 Spellcasting
 - Level 0.8 Transmutations
 + Level 8.5 Earth Magic


You had 7 spell levels left.
You knew the following spells:

 Your Spells              Type           Power      Damage    Failure   Level
a - Sandblast             Erth           94%        2d19      1%          1
b - Stone Arrow           Conj/Erth      52%        3d10      4%          3
c - Petrify               Tmut/Erth      28%        N/A       13%         4

Your spell library contained the following spells:

 Spells                   Type           Power      Damage    Failure   Level
 Passwall                 Tmut/Erth      23%        N/A       1%          2
 Apportation              Tloc           10%        N/A       9%          1
 Necrotise                Necr           20%        1d5       9%          1
 Summon Small Mammal      Summ           20%        N/A       9%          1
 Ensorcelled Hibernation  Hex/Ice        10%        N/A       14%         2
 Swiftness                Air            5%         N/A       26%         3


Dungeon Overview and Level Annotations

Branches:
Dungeon (6/15)             Temple (0/1) D:4

Shops:
D:6 *[

Annotations:
D:3 2 transporters, jujuben's ghost, amateur KoEn
D:6 1 transporter


Innate Abilities, Weirdness & Mutations

You have an increased reservoir of magic. (+10% MP)
You shall have no god before yourself.
Your divine heritage dramatically boosts your attributes as you level up.


Message History

You shout for attention!
You hear two shouts!
You start waiting.
A two-headed ogre comes into view. It is wielding two +0 giant clubs.
You start waiting.
A two-headed ogre is nearby!
Casting: Sandblast (safe; 1% risk of failure)
Confirm with . or Enter, or press ? or * to list all spells.
Aiming: Sandblast (safe; 1% risk of failure)
Press: ? - help, Shift-Dir - straight line, f - two-headed ogre
Aim: a two-headed ogre, wielding two +0 giant clubs (93% to hit)
The blast of sand hits the two-headed ogre.
The two-headed ogre is lightly wounded.
You now have 16/17 mp.
Casting: Sandblast (safe; 1% risk of failure)
Confirm with . or Enter, or press ? or * to list all spells.
Aiming: Sandblast (safe; 1% risk of failure)
Press: ? - help, Shift-Dir - straight line, f/p - two-headed ogre
Aim: a two-headed ogre, wielding two +0 giant clubs (lightly wounded, 93% to hit)
The blast of sand hits the two-headed ogre!!
The two-headed ogre is moderately wounded.
You now have 15/17 mp.
Casting: Sandblast (safe; 1% risk of failure)
Confirm with . or Enter, or press ? or * to list all spells.
Aiming: Sandblast (safe; 1% risk of failure)
Press: ? - help, Shift-Dir - straight line, f/p - two-headed ogre
Aim: a two-headed ogre, wielding two +0 giant clubs (moderately wounded, 93% to hit)
The blast of sand hits the two-headed ogre!!
The two-headed ogre is almost dead.
The two-headed ogre hits you with a +0 giant club!! x2
* * * LOW HITPOINT WARNING * * *
You take 51 damage, and have 6/57 hp.
MASSIVE DAMAGE!!
You now have 14/17 mp.
Casting: Sandblast (safe; 1% risk of failure)
Confirm with . or Enter, or press ? or * to list all spells.
Aiming: Sandblast (safe; 1% risk of failure)
Press: ? - help, Shift-Dir - straight line, f/p - two-headed ogre
Aim: a two-headed ogre, wielding two +0 giant clubs (almost dead, 93% to hit)
The blast of sand hits the two-headed ogre.
The two-headed ogre is almost dead.
The two-headed ogre hits you with a +0 giant club!!
You die...

≈≈≈≈≈≈..≈≈≈≈≈≈≈≈# #.....≈≈≈≈
≈≈≈≈≈≈.O≈≈≈≈≈≈≈######.#.....
≈≈≈≈≈≈..≈≈≈≈≈≈##............
#≈≈≈≈≈..≈≈≈≈≈###.####.######
#≈≈≈≈..≈≈≈≈##...#......^...
#≈≈≈..≈≈≈###.###.#.#......
####''#### #.# #.#.#.###..
#..######<# #.#.....#.#
#....O@...# #>#####....
#########.# #.# #...#.# #(#
#.#######.# #.# #.........#
#.# ########### #.# #.. #.#
#.# #.# #.# #.# #.#


You could see a two-headed ogre.

Vanquished Creatures
  Sigmund (D:3)
  A wyvern (D:6)
  3 black bears
  An ogre (D:4)
  A phantom (D:4)
  A scorpion (D:4)
  An electric eel (D:6)
  An orc priest (D:4)
  A jelly (D:5)
  4 iguanas
  An orc wizard (D:3)
  3 gnolls (D:3)
  10 adders
  An ufetubus (D:5)
  3 worms
  A dart slug (D:4)
  11 orcs
  6 endoplasms
  5 giant cockroaches
  5 goblins
  6 hobgoblins
  3 jackals (D:1)
  7 kobolds
  2 quokkas (D:1)
  4 ball pythons
  5 bats
  2 frilled lizards (D:3)
  5 rats
95 creatures vanquished.

Notes
Turn   | Place    | Note
-------+----------+-------------------------------------------
     0 | D:1      | spardeous the Demigod Earth Elementalist began the quest
                  | for the Orb.
     0 | D:1      | Reached XP level 1. HP: 14/14 MP: 5/5
   334 | D:1      | Reached skill level 3 in Earth Magic
   436 | D:1      | Reached XP level 2. HP: 20/20 MP: 5/7
  1082 | D:2      | Reached XP level 3. HP: 24/26 MP: 3/9
  1086 | D:2      | Learned a level 3 spell: Stone Arrow
  1954 | D:3      | Reached XP level 4. HP: 33/33 MP: 9/11
  1954 | D:3      | Noticed Sigmund
  1965 | D:3      | Killed Sigmund
  1966 | D:3      | Reached skill level 4 in Earth Magic
  1966 | D:3      | Reached XP level 5. HP: 38/38 MP: 4/13
  2438 | D:3      | Reached XP level 6. HP: 45/45 MP: 12/15
  2481 | D:3      | Found a transporter.
  2482 | D:3      | Found a transporter.
  2482 | D:3      | Noticed jujuben's ghost (amateur KoEn)
  2759 | D:4      | Reached skill level 5 in Earth Magic
  2847 | D:4      | Found a staircase to the Ecumenical Temple.
  3018 | D:4      | Reached skill level 6 in Earth Magic
  3018 | D:4      | Reached XP level 7. HP: 39/50 MP: 11/16
  3023 | D:4      | Learned a level 4 spell: Petrify
  3648 | D:5      | Entered Level 5 of the Dungeon
  3844 | D:5      | Reached skill level 7 in Earth Magic
  4540 | D:6      | Found Kobbaona's General Store.
  4545 | D:6      | Found Rexi's Armour Boutique.
  4546 | D:6      | Bought 2 potions of curing for 78 gold pieces
  4546 | D:6      | Bought 2 potions of mutation for 208 gold pieces
  4572 | D:6      | Found a transporter.
  4586 | D:6      | Noticed a wyvern
  4589 | D:6      | Killed a wyvern
  4590 | D:6      | Reached skill level 8 in Earth Magic
  4638 | D:6      | Reached XP level 8. HP: 57/57 MP: 14/17
  4762 | D:6      | Noticed a two-headed ogre
  4774 | D:6      | Demolished by a two-headed ogre

Illustrated notes

Levels and vault maps discovered:
D:1:      dpeg_arrival_shelter, layout_loops_ring, basic_ecumenical_altar
D:2:      layout_loops_cross, basic_altar
D:3:      layout_basic, gammafunk_ghost_smash, due_unseen_surprise, uniq_sigmund
D:4:      layout_basic, dreamdust_divine_triumvirate,
          minmay_temple_entry_junction
D:5:      layout_basic, jmf_multi_god_temple, minmay_misc_feat_more_columns
D:6:      kennysheep_big_flooded_room, layout_basic,
          gammafunk_ghost_gnarly_gnolls, serial_shops, shop, shop,
          nicolae_lakefront_shop, shop, shop

Skill      XL: |  1  2  3  4  5  6  7 |
---------------+----------------------+-----
Spellcasting   | 2 3 4 |  4.3
Earth Magic    | 3 4 6 8 |  8.5
Dodging        | |  1.7
Stealth        | |  1.7
Transmutations | |  0.8

Action                     |  1- 3 |  4- 6 |  7- 9 || total
---------------------------+-------+-------+-------++-------
  Melee: Unarmed           |     4 |     2 |     2 ||     8
   Cast: Sandblast         |    65 |    50 |    43 ||   158
 Armour: Robe              |     7 |       |       ||     7
         Leather armour    |       |     2 |     2 ||     4
  Dodge: Dodged            |    28 |     6 |    10 ||    44
  Block: Other             |     6 |     5 |     3 ||    14
